Icehogs vs Americans
(R1)
Created - December 4, 2023 at 19:15
Goals
|
| Icehogs |
2 |
1 |
0 |
3 |
| Americans |
1 |
4 |
0 |
5 |
|
Shots
|
| Icehogs |
13 |
7 |
2 |
22 |
| Americans |
13 |
17 |
10 |
40 |
|
1st period
1. Icehogs , Mikhail Grigorenko 10 (Andrew Poturalski 12) at 11:18 (PP)
2. Icehogs , Nick Paul 7 (J.T. Brown 16, Julius Honka 4) at 18:40 (PP)
3. Americans , Ryan Fitzgerald 15 (Marc Michaelis 12, Richard Nejezchleb 15) at 19:18
Penalties :
Joel Eriksson Ek (Roc) for Hooking (Minor) at 7:09, Matt Grzelcyk (Roc) for Hooking (Minor) at 11:17, Ross Johnston (Roc) for Tripping (Minor) at 15:31, Alex Schoenborn (Roc) for Holding (Minor) at 18:09
2nd period
4. Americans , Ryan Fitzgerald 16 (Victor Mete 12) at 3:20 (PP)
5. Americans , Ryan Fitzgerald 17 (Marc Michaelis 13, Connor Hellebyuk) at 7:09 (PP)
6. Americans , John Leonard 2 (Maxim Mamin 1, Dmitri Semykin 3) at 14:16
7. Americans , Tarmo Reunanen 1 (Vladimir Tkachev 5, Joel Eriksson Ek 21) at 16:19 (PP)
8. Icehogs , Mikhail Grigorenko 11 (Andrew Poturalski 13) at 19:18 (PP)
Penalties :
Hudson Fasching (Roc) for Slashing (Minor) at 2:00, Maxim Letunov (Roc) for Roughing (Minor) at 6:26, Hudson Fasching (Roc) for Roughing (Minor) at 14:38, Matt Grzelcyk (Roc) for Tripping (Minor) at 19:17
3rd period
No Goal
Penalties :
J.T. Brown (Roc) for Diving (Minor) at 1:48, Ross Johnston (Roc) for Tripping (Minor) at 13:26
Goalie Stats
Mackenzie Blackwood (Roc), 35 saves from 40 shots - (0.875), L, 9-10-1, 60:00 minutes
Connor Hellebyuk (Roc), 19 saves from 22 shots - (0.864), W, 12-5-3, 60:00 minutes
Players Stats for Icehogs
Player Name G A P +/- PIM S H SB GA TA FO MP PP MP PK MP
------------------------------------------------------------------------------------
Adam Boqvist 0 0 0 0 0 0 0 0 0 0 0/0 5:37 0:00 0:00
Andrew Poturalski 0 2 2 0 0 2 2 0 0 0 13/30 14:53 1:20 0:00
Calle Andersson 0 0 0 0 0 0 0 0 0 0 0/0 10:24 0:00 0:00
Duncan Siemens 0 0 0 -2 0 0 0 0 3 1 0/0 18:31 1:21 3:39
Hudson Fasching 0 0 0 0 4 2 2 0 0 1 6/11 23:54 1:20 4:30
J.T. Brown 0 1 1 -1 2 0 0 1 4 0 0/0 22:47 1:12 5:07
Jeremy Davies 0 0 0 0 0 0 0 0 0 0 0/0 9:40 0:00 0:00
Julius Honka 0 1 1 -2 0 1 0 1 0 0 0/0 18:15 1:21 3:39
Kurtis Gabriel 0 0 0 -1 0 1 1 0 1 0 0/0 12:34 0:00 2:02
Maxim Letunov 0 0 0 -1 2 1 1 0 0 0 3/6 11:22 0:00 0:09
Michael Rasmussen 0 0 0 -1 0 0 1 0 0 0 3/8 18:02 1:12 1:20
Mike Reilly 0 0 0 0 0 4 1 2 1 1 0/0 26:31 1:11 6:02
Mikhail Grigorenko 2 0 2 0 0 7 0 0 0 0 1/2 19:25 1:20 3:24
Nick Paul 1 0 1 -1 0 2 2 0 0 0 0/0 17:58 1:12 0:12
Nikita Scherbak 0 0 0 0 0 0 0 0 0 0 0/0 7:32 0:00 0:00
Patrick Sieloff 0 0 0 0 0 1 3 1 0 1 0/0 26:31 1:11 6:02
Ross Johnston 0 0 0 -1 4 1 4 1 0 0 1/5 14:33 0:00 2:38
Thomas DiPauli 0 0 0 0 0 0 1 0 0 0 1/1 6:10 0:00 0:00
Zach Whitecloud 0 0 0 0 0 0 0 0 0 0 0/0 5:34 0:00 0:00
Players Stats for Americans
Player Name G A P +/- PIM S H SB GA TA FO MP PP MP PK MP
------------------------------------------------------------------------------------
Alex Schoenborn 0 0 0 1 2 1 0 0 0 0 0/0 7:45 0:00 0:00
Daniel Sprong 0 0 0 0 0 3 1 0 0 0 0/1 11:02 0:00 0:00
Dillon Heatherington 0 0 0 1 0 1 0 1 0 0 0/0 29:56 7:31 1:18
Dmitri Semykin 0 1 1 1 0 0 1 0 0 0 0/0 11:10 0:00 0:00
Jesperi Kotkaniemi 0 0 0 1 0 0 2 0 0 0 1/1 17:11 4:13 0:04
Joel Eriksson Ek 0 1 1 0 2 7 1 0 0 2 22/36 21:56 5:28 0:00
Joel Teasdale 0 0 0 0 0 1 0 0 0 1 0/0 11:02 0:00 0:00
John Leonard 1 0 1 1 0 1 0 0 0 0 0/0 7:36 0:00 0:03
Jonas Brodin 0 0 0 0 0 0 0 0 0 0 0/0 0:00 0:00 0:00
Marc Michaelis 0 2 2 1 0 4 1 2 0 0 0/0 17:51 4:13 0:54
Matt Grzelcyk 0 0 0 1 4 5 3 2 2 1 0/0 29:54 7:31 1:18
Maxim Mamin 0 1 1 1 0 1 0 0 0 0 0/2 7:51 0:00 0:30
Nathan Noel 0 0 0 0 0 2 2 0 0 1 2/4 11:02 0:00 0:00
Richard Nejezchleb 0 1 1 0 0 4 6 0 0 0 0/0 23:25 5:28 1:31
Ryan Fitzgerald 3 0 3 1 0 5 3 0 0 0 9/17 18:46 4:13 1:31
Spencer Stastney 0 0 0 1 0 0 0 2 0 2 0/0 11:10 0:00 0:00
Tarmo Reunanen 1 0 1 0 0 2 1 0 1 0 0/0 18:54 2:10 1:14
Victor Mete 0 1 1 0 0 1 1 1 1 1 0/0 18:54 2:10 1:14
Vladimir Tkachev 0 1 1 0 0 2 1 0 0 1 1/2 21:59 5:28 0:31
3 Stars
1 - Ryan Fitzgerald (Roc)
2 - Mikhail Grigorenko (Roc)
3 - Marc Michaelis (Roc)
Power Play
Icehogs - 3 on 4 Attempt(s) - 75.00%
Americans - 3 on 6 Attempt(s) - 50.00%
Penalty Kill
Icehogs - 3 on 6 Attempt(s) - 50.00%
- Score 0 goal in Penalty Kill
Americans - 1 on 4 Attempt(s) - 25.00%
- Score 0 goal in Penalty Kill
Team Stat
Icehogs - Hits : 18 - Faceoff Wins : 28 - Blocked Shots : 6 - Penalty Minutes : 12
Americans - Hits : 23 - Faceoff Wins : 35 - Blocked Shots : 8 - Penalty Minutes : 8
Official
Referees : Francois St. Laurent and Corey Syvret
Linesman : Derek Amell and Brian Mach
Game Notes
3:16 of 2nd period - Americans goal is going for a video replay. After video review, No Goal. The puck has been directed, batted or thrown into the net by an attacking player other than with a stick.
Ryan Fitzgerald has scored a Hat Trick!
Finance
Level 1 -- Attendance: 1904 (95.20%) -- Ticket Income $133,280
Level 2 -- Attendance: 885 (88.50%) -- Ticket Income $35,400
Total Attendance: 2789 (92.97%)
Total Ticket Income: $168,680
Other Income: $8,434
Total Income: $177,114
Icehogs
5 vs 5 Forward
Center Left Wing Right Wing Time % Phy DF OF
1 Andrew Poturalski Mikhail Grigorenko Hudson Fasching 40 1 2 2
2 Michael Rasmussen Nick Paul J.T. Brown 30 1 2 2
3 Maxim Letunov Ross Johnston Kurtis Gabriel 20 1 2 2
4 Thomas DiPauli Hudson Fasching Nikita Scherbak 10 1 2 2
5 vs 5 Defense
Defense Defense Time % Phy DF OF
1 Mike Reilly Patrick Sieloff 40 1 2 2
2 Julius Honka Duncan Siemens 30 1 2 2
3 Calle Andersson Jeremy Davies 20 1 2 2
4 Adam Boqvist Zach Whitecloud 10 1 2 2
PowerPlay Forward
Center Left Wing Right Wing Time % Phy DF OF
1 Andrew Poturalski Mikhail Grigorenko Hudson Fasching 60 1 2 2
2 Michael Rasmussen Nick Paul J.T. Brown 40 1 2 2
PowerPlay Defense
Defense Defense Time % Phy DF OF
1 Mike Reilly Patrick Sieloff 60 1 2 2
2 Julius Honka Duncan Siemens 40 1 2 2
Penalty Kill 4 Players Forward
Center Wing Time % Phy DF OF
1 Hudson Fasching J.T. Brown 60 1 2 2
2 Mikhail Grigorenko Kurtis Gabriel 40 1 2 2
Penalty Kill 4 Players Defense
Defense Defense Time % Phy DF OF
1 Mike Reilly Patrick Sieloff 60 1 2 2
2 Julius Honka Duncan Siemens 40 1 2 2
Penalty Kill - 3 Players Forward
Forward Time % Phy DF OF
1 Hudson Fasching 60 1 2 2
2 J.T. Brown 40 1 2 2
Penalty Kill - 3 Players Defense
Defense Defense Time % Phy DF OF
1 Mike Reilly Patrick Sieloff 60 1 2 2
2 Julius Honka Duncan Siemens 40 1 2 2
4 vs 4 Forward
Center Wing Time % Phy DF OF
1 Hudson Fasching J.T. Brown 60 1 2 2
2 Mikhail Grigorenko Kurtis Gabriel 40 1 2 2
4 vs 4 Defense
Defense Defense Time % Phy DF OF
1 Mike Reilly Patrick Sieloff 60 1 2 2
2 Julius Honka Duncan Siemens 40 1 2 2
Last Minutes Offensive
Center Left Wing Right Wing Defense Defense
Andrew Poturalski Mikhail Grigorenko Hudson Fasching Mike Reilly Patrick Sieloff
Last Minutes Defensive
Center Left Wing Right Wing Defense Defense
Andrew Poturalski Mikhail Grigorenko Hudson Fasching Mike Reilly Patrick Sieloff
Goaltenders
Starting : Mackenzie Blackwood
Backup : Oscar Dansk
Extra Forwards
Normal : Nikita Scherbak, Maxim Letunov, Ross Johnston - PP : Nikita Scherbak, Maxim Letunov - PK : Ross Johnston
Extra Defensemen
Normal : Calle Andersson, Jeremy Davies, Adam Boqvist - PP : Calle Andersson - PK : Jeremy Davies, Adam Boqvist
Penalty Shots
Hudson Fasching, J.T. Brown, Mikhail Grigorenko, Kurtis Gabriel, Nick Paul
Custom OT Lines Forwards
Hudson Fasching, J.T. Brown, Mikhail Grigorenko, Kurtis Gabriel, Nick Paul, Andrew Poturalski, Nikita Scherbak, Michael Rasmussen, Maxim Letunov, Ross Johnston
Custom OT Lines Defensemen
Mike Reilly, Patrick Sieloff, Julius Honka, Duncan Siemens, Calle Andersson
Scratches
Clark Bishop (Healthy), Kristian Reichel (Healthy), JJ. Piccinich (Healthy), Myles Bell (Bruised Left Shoulder Injury), Patrick Russell (Healthy)
Declan Chisholm (Healthy), Dillon Dube (Healthy), Jackson Cates (Healthy), Mitchell Chaffee (Healthy), Gabriel Fortier (Healthy)
Petr Kvaca (Healthy)
Americans
5 vs 5 Forward
Center Left Wing Right Wing Time % Phy DF OF
1 Joel Eriksson Ek Vladimir Tkachev Richard Nejezchleb 40 1 2 2
2 Ryan Fitzgerald Marc Michaelis Jesperi Kotkaniemi 30 1 2 2
3 Nathan Noel Joel Teasdale Daniel Sprong 20 1 2 2
4 Maxim Mamin John Leonard Alex Schoenborn 10 1 2 2
5 vs 5 Defense
Defense Defense Time % Phy DF OF
1 Dillon Heatherington Matt Grzelcyk 40 1 2 2
2 Victor Mete Tarmo Reunanen 30 1 2 2
3 Spencer Stastney Dmitri Semykin 20 1 2 2
4 Dillon Heatherington Matt Grzelcyk 10 1 2 2
PowerPlay Forward
Center Left Wing Right Wing Time % Phy DF OF
1 Joel Eriksson Ek Vladimir Tkachev Richard Nejezchleb 60 1 2 2
2 Ryan Fitzgerald Marc Michaelis Jesperi Kotkaniemi 40 1 2 2
PowerPlay Defense
Defense Defense Time % Phy DF OF
1 Dillon Heatherington Matt Grzelcyk 60 1 2 2
2 Victor Mete Tarmo Reunanen 40 1 2 2
Penalty Kill 4 Players Forward
Center Wing Time % Phy DF OF
1 Ryan Fitzgerald Richard Nejezchleb 60 1 2 2
2 Maxim Mamin Marc Michaelis 40 1 2 2
Penalty Kill 4 Players Defense
Defense Defense Time % Phy DF OF
1 Dillon Heatherington Matt Grzelcyk 60 1 2 2
2 Victor Mete Tarmo Reunanen 40 1 2 2
Penalty Kill - 3 Players Forward
Forward Time % Phy DF OF
1 Ryan Fitzgerald 60 1 2 2
2 Maxim Mamin 40 1 2 2
Penalty Kill - 3 Players Defense
Defense Defense Time % Phy DF OF
1 Dillon Heatherington Matt Grzelcyk 60 1 2 2
2 Victor Mete Tarmo Reunanen 40 1 2 2
4 vs 4 Forward
Center Wing Time % Phy DF OF
1 Jesperi Kotkaniemi Joel Eriksson Ek 60 1 2 2
2 Ryan Fitzgerald Marc Michaelis 40 1 2 2
4 vs 4 Defense
Defense Defense Time % Phy DF OF
1 Dillon Heatherington Matt Grzelcyk 60 1 2 2
2 Victor Mete Tarmo Reunanen 40 1 2 2
Last Minutes Offensive
Center Left Wing Right Wing Defense Defense
Joel Eriksson Ek Vladimir Tkachev Richard Nejezchleb Dillon Heatherington Matt Grzelcyk
Last Minutes Defensive
Center Left Wing Right Wing Defense Defense
Joel Eriksson Ek Marc Michaelis Richard Nejezchleb Dillon Heatherington Matt Grzelcyk
Goaltenders
Starting : Connor Hellebyuk
Backup : Peyton Jones
Extra Forwards
Normal : Joel Eriksson Ek, Jesperi Kotkaniemi, Vladimir Tkachev - PP : Jesperi Kotkaniemi, Joel Teasdale - PK : Vladimir Tkachev
Extra Defensemen
Normal : Spencer Stastney, Dmitri Semykin, Victor Mete - PP : Spencer Stastney - PK : Dmitri Semykin, Victor Mete
Penalty Shots
Vladimir Tkachev, Joel Eriksson Ek, Ryan Fitzgerald, Marc Michaelis, Richard Nejezchleb
Custom OT Lines Forwards
Vladimir Tkachev, Joel Eriksson Ek, Ryan Fitzgerald, Marc Michaelis, Richard Nejezchleb, Alex Schoenborn, John Leonard, Maxim Mamin, Joel Teasdale, Daniel Sprong
Custom OT Lines Defensemen
Dillon Heatherington, Matt Grzelcyk, Victor Mete, Tarmo Reunanen, Spencer Stastney
Scratches
Cameron Hughes (Healthy), Justin Bailey (Healthy), Xavier Bouchard (Healthy), Zachary Senyshyn (Healthy), Lauri Pajuniemi (Healthy)
% Time on Ice - Icehogs
Lines # - Real PCT - Wanted PCT - Time Play
Normal Forward
1 - 34% - 40% - 16:25
2 - 34% - 30% - 16:24
3 - 19% - 20% - 9:15
4 - 12% - 10% - 5:43
Normal Defense
1 - 40% - 40% - 19:18
2 - 28% - 30% - 13:15
3 - 20% - 20% - 9:40
4 - 12% - 10% - 5:34
PP Forward
1 - 53% - 60% - 1:20
2 - 47% - 40% - 1:12
PP Defense
1 - 47% - 60% - 1:11
2 - 53% - 40% - 1:21
PK Forward
1 - 79% - 60% - 7:39
2 - 21% - 40% - 2:02
PK Defense
1 - 62% - 60% - 6:02
2 - 38% - 40% - 3:39
PK3 Forward
1 - 0% - 60%
2 - 0% - 40%
PK3 Defense
1 - 0% - 60%
2 - 0% - 40%
44 Forward
1 - 0% - 60%
2 - 0% - 40%
44 Defense
1 - 0% - 60%
2 - 0% - 40%
Last Minute Offensive - 0:00
Last Minute Defensive - 0:00
Total
Forward - 60:00
Defense - 60:00
|
% Time on Ice - Americans
Lines # - Real PCT - Wanted PCT - Time Play
Normal Forward
1 - 35% - 40% - 16:38
2 - 28% - 30% - 13:09
3 - 23% - 20% - 11:02
4 - 15% - 10% - 6:58
Normal Defense
1 - 38% - 40% - 18:02
2 - 32% - 30% - 15:30
3 - 23% - 20% - 11:10
4 - 6% - 10% - 3:05
PP Forward
1 - 56% - 60% - 5:28
2 - 44% - 40% - 4:13
PP Defense
1 - 78% - 60% - 7:31
2 - 22% - 40% - 2:10
PK Forward
1 - 80% - 60% - 2:02
2 - 20% - 40% - 0:30
PK Defense
1 - 51% - 60% - 1:18
2 - 49% - 40% - 1:14
PK3 Forward
1 - 0% - 60%
2 - 0% - 40%
PK3 Defense
1 - 0% - 60%
2 - 0% - 40%
44 Forward
1 - 0% - 60%
2 - 0% - 40%
44 Defense
1 - 0% - 60%
2 - 0% - 40%
Last Minute Offensive - 0:00
Last Minute Defensive - 0:00
Total
Forward - 60:00
Defense - 60:00
|
Play-by-Play
1st period
0:01 of 1st period - Joel Eriksson Ek wins face-off versus Andrew Poturalski in neutral zone.
0:42 of 1st period - Joel Eriksson Ek is hit by Ross Johnston and loses puck.
0:57 of 1st period - Off-side.
0:58 of 1st period - Michael Rasmussen wins face-off versus Ryan Fitzgerald in neutral zone.
1:30 of 1st period - Snap shot by Nikita Scherbak.
1:30 of 1st period - Shot Misses the Net.
1:32 of 1st period - Snap shot by Hudson Fasching.
1:32 of 1st period - Shot Blocked by Victor Mete.
1:51 of 1st period - Slapshot by Adam Boqvist.
1:51 of 1st period - Shot Blocked by Spencer Stastney.
3:00 of 1st period - Slapshot by Hudson Fasching.
3:00 of 1st period - Shot Misses the Net.
3:45 of 1st period - Dillon Heatherington is hit by Patrick Sieloff.
4:09 of 1st period - Ryan Fitzgerald is hit by Ross Johnston and loses puck.
4:45 of 1st period - Off-side.
4:46 of 1st period - Andrew Poturalski wins face-off versus Maxim Mamin in neutral zone.
4:57 of 1st period - Wrist shot by Mikhail Grigorenko.
4:57 of 1st period - Stopped by Connor Hellebyuk with a rebound.
4:59 of 1st period - Snap shot by Andrew Poturalski.
4:59 of 1st period - Stopped by Connor Hellebyuk without a rebound.
5:00 of 1st period - Joel Eriksson Ek wins face-off versus Andrew Poturalski in Americans zone.
5:32 of 1st period - Matt Grzelcyk is hit by Patrick Sieloff and loses puck.
5:45 of 1st period - Ross Johnston is hit by Matt Grzelcyk and loses puck.
6:56 of 1st period - Wrist shot by Maxim Letunov.
6:56 of 1st period - Stopped by Connor Hellebyuk without a rebound.
6:57 of 1st period - Andrew Poturalski wins face-off versus Joel Eriksson Ek in Americans zone.
6:58 of 1st period - Wrist shot by Mikhail Grigorenko.
6:58 of 1st period - Stopped by Connor Hellebyuk with a rebound.
7:09 of 1st period - Minor Penalty to Joel Eriksson Ek for Hooking.
7:10 of 1st period - Ryan Fitzgerald wins face-off versus Andrew Poturalski in Americans zone.
9:01 of 1st period - Icing by Duncan Siemens.
9:02 of 1st period - Jesperi Kotkaniemi wins face-off versus Andrew Poturalski in Icehogs zone.
9:09 of 1st period - Penalty to Joel Eriksson Ek is over, Joel Eriksson Ek is back on ice.
9:19 of 1st period - Snap shot by Kurtis Gabriel.
9:19 of 1st period - Stopped by Connor Hellebyuk with a rebound.
9:27 of 1st period - Julius Honka is hit by Joel Eriksson Ek and loses puck.
9:32 of 1st period - Slapshot by Ryan Fitzgerald.
9:32 of 1st period - Shot Misses the Net.
9:36 of 1st period - Snap shot by Richard Nejezchleb.
9:36 of 1st period - Stopped by Mackenzie Blackwood without a rebound.
9:37 of 1st period - Nathan Noel wins face-off versus Michael Rasmussen in Icehogs zone.
9:47 of 1st period - Snap shot by Nick Paul.
9:47 of 1st period - Shot Misses the Net.
9:49 of 1st period - Slapshot by Patrick Sieloff.
9:49 of 1st period - Stopped by Connor Hellebyuk with a rebound.
9:51 of 1st period - Snap shot by Michael Rasmussen.
9:51 of 1st period - Shot Hit the Post.
10:06 of 1st period - Slapshot by Mikhail Grigorenko.
10:06 of 1st period - Deflect By Matt Grzelcyk.
10:06 of 1st period - Stopped by Connor Hellebyuk without a rebound.
10:07 of 1st period - Mikhail Grigorenko wins face-off versus Maxim Mamin in Americans zone.
10:18 of 1st period - Snap shot by Mikhail Grigorenko.
10:18 of 1st period - Stopped by Connor Hellebyuk with a rebound.
10:34 of 1st period - Icing by Julius Honka.
10:35 of 1st period - Michael Rasmussen wins face-off versus Nathan Noel in Icehogs zone.
10:35 of 1st period - Michael Rasmussen is hit by Matt Grzelcyk.
10:45 of 1st period - Slapshot by Nathan Noel.
10:45 of 1st period - Shot Misses the Net.
11:17 of 1st period - Minor Penalty to Matt Grzelcyk for Hooking.
11:18 of 1st period - Andrew Poturalski wins face-off versus Ryan Fitzgerald in Americans zone.
11:18 of 1st period - Wrist shot by Mikhail Grigorenko.
11:18 of 1st period - Goal by Mikhail Grigorenko - Icehogs : 1 - Americans : 0.
11:19 of 1st period - Ryan Fitzgerald wins face-off versus Andrew Poturalski in neutral zone.
11:22 of 1st period - Snap shot by Marc Michaelis.
11:22 of 1st period - Stopped by Mackenzie Blackwood with a rebound.
11:34 of 1st period - Snap shot by Hudson Fasching.
11:34 of 1st period - Shot Blocked by Dillon Heatherington.
12:17 of 1st period - Slapshot by Mike Reilly.
12:17 of 1st period - Stopped by Connor Hellebyuk with a rebound.
12:35 of 1st period - Slapshot by Nathan Noel.
12:35 of 1st period - Stopped by Mackenzie Blackwood with a rebound.
12:37 of 1st period - Slapshot by Matt Grzelcyk.
12:37 of 1st period - Shot Misses the Net.
12:39 of 1st period - Slapshot by Dillon Heatherington.
12:39 of 1st period - Deflect By Daniel Sprong.
12:39 of 1st period - Stopped by Mackenzie Blackwood without a rebound.
12:40 of 1st period - Joel Eriksson Ek wins face-off versus Andrew Poturalski in Icehogs zone.
12:53 of 1st period - Snap shot by Mikhail Grigorenko.
12:53 of 1st period - Shot Misses the Net.
13:03 of 1st period - Marc Michaelis is hit by Michael Rasmussen and loses puck.
13:12 of 1st period - Wrist shot by J.T. Brown.
13:12 of 1st period - Shot Blocked by Marc Michaelis.
13:30 of 1st period - Snap shot by Kurtis Gabriel.
13:30 of 1st period - Shot Misses the Net.
13:52 of 1st period - Snap shot by Richard Nejezchleb.
13:52 of 1st period - Deflect By Vladimir Tkachev.
13:52 of 1st period - Shot Misses the Net.
13:52 of 1st period - Puck is out of play.
13:53 of 1st period - Michael Rasmussen wins face-off versus Ryan Fitzgerald in Icehogs zone.
14:02 of 1st period - Snap shot by J.T. Brown.
14:02 of 1st period - Shot Blocked by Marc Michaelis.
14:04 of 1st period - Wrist shot by J.T. Brown.
14:04 of 1st period - Shot Misses the Net.
14:18 of 1st period - Vladimir Tkachev is hit by Andrew Poturalski and loses puck.
14:39 of 1st period - Slapshot by Victor Mete.
14:39 of 1st period - Shot Blocked by Mike Reilly.
14:41 of 1st period - Slapshot by Tarmo Reunanen.
14:41 of 1st period - Shot Misses the Net.
14:43 of 1st period - Snap shot by Joel Teasdale.
14:43 of 1st period - Stopped by Mackenzie Blackwood with a rebound.
14:59 of 1st period - Slapshot by Nick Paul.
14:59 of 1st period - Shot Blocked by Matt Grzelcyk.
15:01 of 1st period - Slapshot by Mike Reilly.
15:01 of 1st period - Shot Misses the Net.
15:24 of 1st period - Wrist shot by Ryan Fitzgerald.
15:24 of 1st period - Stopped by Mackenzie Blackwood without a rebound.
15:25 of 1st period - Joel Eriksson Ek wins face-off versus Maxim Letunov in Icehogs zone.
15:28 of 1st period - Snap shot by Joel Eriksson Ek.
15:28 of 1st period - Stopped by Mackenzie Blackwood without a rebound.
15:29 of 1st period - Maxim Letunov wins face-off versus Joel Eriksson Ek in Icehogs zone.
15:31 of 1st period - Minor Penalty to Ross Johnston for Tripping.
15:32 of 1st period - Hudson Fasching wins face-off versus Joel Eriksson Ek in Icehogs zone.
15:48 of 1st period - Snap shot by Joel Eriksson Ek.
15:48 of 1st period - Stopped by Mackenzie Blackwood without a rebound.
15:49 of 1st period - Joel Eriksson Ek wins face-off versus Hudson Fasching in Icehogs zone.
15:54 of 1st period - Wrist shot by Joel Eriksson Ek.
15:54 of 1st period - Stopped by Mackenzie Blackwood without a rebound.
15:55 of 1st period - Hudson Fasching wins face-off versus Joel Eriksson Ek in Icehogs zone.
16:32 of 1st period - Kurtis Gabriel is hit by Richard Nejezchleb and loses puck.
16:49 of 1st period - Snap shot by Matt Grzelcyk.
16:49 of 1st period - Stopped by Mackenzie Blackwood without a rebound.
16:50 of 1st period - Ryan Fitzgerald wins face-off versus Hudson Fasching in Icehogs zone.
16:53 of 1st period - Snap shot by Marc Michaelis.
16:53 of 1st period - Stopped by Mackenzie Blackwood without a rebound.
16:54 of 1st period - Ryan Fitzgerald wins face-off versus Hudson Fasching in Icehogs zone.
16:55 of 1st period - Wrist shot by Marc Michaelis.
16:55 of 1st period - Shot Misses the Net.
16:57 of 1st period - Snap shot by Marc Michaelis.
16:57 of 1st period - Stopped by Mackenzie Blackwood with a rebound.
16:59 of 1st period - Slapshot by Ryan Fitzgerald.
16:59 of 1st period - Shot Blocked by J.T. Brown.
17:01 of 1st period - Snap shot by Ryan Fitzgerald.
17:01 of 1st period - Shot Misses the Net.
17:31 of 1st period - Penalty to Ross Johnston is over, Ross Johnston is back on ice.
17:35 of 1st period - Hudson Fasching is hit by Ryan Fitzgerald and loses puck.
17:46 of 1st period - Matt Grzelcyk is hit by Ross Johnston and loses puck.
17:51 of 1st period - Slapshot by Mike Reilly.
17:51 of 1st period - Deflect By Ross Johnston.
17:51 of 1st period - Stopped by Connor Hellebyuk with a rebound.
18:09 of 1st period - Minor Penalty to Alex Schoenborn for Holding.
18:10 of 1st period - Andrew Poturalski wins face-off versus Ryan Fitzgerald in Americans zone.
18:40 of 1st period - Wrist shot by J.T. Brown.
18:40 of 1st period - Deflect By Nick Paul.
18:40 of 1st period - Goal by Nick Paul - Icehogs : 2 - Americans : 0.
18:41 of 1st period - Andrew Poturalski wins face-off versus Joel Eriksson Ek in neutral zone.
18:46 of 1st period - Wrist shot by Hudson Fasching.
18:46 of 1st period - Deflect By Mikhail Grigorenko.
18:46 of 1st period - Stopped by Connor Hellebyuk without a rebound.
18:47 of 1st period - Andrew Poturalski wins face-off versus Joel Eriksson Ek in Americans zone.
19:18 of 1st period - Snap shot by Marc Michaelis.
19:18 of 1st period - Deflect By Ryan Fitzgerald.
19:18 of 1st period - Goal by Ryan Fitzgerald - Icehogs : 2 - Americans : 1.
19:19 of 1st period - Joel Eriksson Ek wins face-off versus Andrew Poturalski in neutral zone.
19:53 of 1st period - Tarmo Reunanen is hit by Mike Reilly and loses puck.
Goals for this period are 2 for Icehogs vs 1 for Americans.
Shots for this period are 13 for Icehogs vs 13 for Americans.
2nd period
0:01 of 2nd period - Joel Eriksson Ek wins face-off versus Andrew Poturalski in neutral zone.
0:14 of 2nd period - Wrist shot by Joel Eriksson Ek.
0:14 of 2nd period - Stopped by Mackenzie Blackwood without a rebound.
0:15 of 2nd period - Ryan Fitzgerald wins face-off versus Andrew Poturalski in Icehogs zone.
0:40 of 2nd period - Calle Andersson is hit by Richard Nejezchleb and loses puck.
0:49 of 2nd period - Slapshot by Nick Paul.
0:49 of 2nd period - Shot Misses the Net.
1:49 of 2nd period - Snap shot by J.T. Brown.
1:49 of 2nd period - Shot Misses the Net.
2:00 of 2nd period - Minor Penalty to Hudson Fasching for Slashing.
2:01 of 2nd period - Joel Eriksson Ek wins face-off versus Ross Johnston in Icehogs zone.
2:12 of 2nd period - Slapshot by Richard Nejezchleb.
2:12 of 2nd period - Shot Misses the Net.
2:14 of 2nd period - Wrist shot by Richard Nejezchleb.
2:14 of 2nd period - Stopped by Mackenzie Blackwood with a rebound.
2:16 of 2nd period - Wrist shot by Richard Nejezchleb.
2:16 of 2nd period - Shot Misses the Net.
2:33 of 2nd period - Michael Rasmussen is hit by Jesperi Kotkaniemi and loses puck.
2:45 of 2nd period - Off-side.
2:46 of 2nd period - Joel Eriksson Ek wins face-off versus Ross Johnston in neutral zone.
2:49 of 2nd period - Duncan Siemens is hit by Matt Grzelcyk and loses puck.
3:14 of 2nd period - Wrist shot by Dillon Heatherington.
3:14 of 2nd period - Stopped by Mackenzie Blackwood with a rebound.
3:16 of 2nd period - Slapshot by Matt Grzelcyk.
3:16 of 2nd period - Americans goal is going for a video replay.
3:16 of 2nd period - The goal is refused. The puck has been directed, batted or thrown into the net by an attacking player other than with a stick..
3:17 of 2nd period - Ryan Fitzgerald wins face-off versus Ross Johnston in Icehogs zone.
3:20 of 2nd period - Snap shot by Ryan Fitzgerald.
3:20 of 2nd period - Goal by Ryan Fitzgerald - Icehogs : 2 - Americans : 2.
3:21 of 2nd period - Andrew Poturalski wins face-off versus Joel Eriksson Ek in neutral zone.
3:46 of 2nd period - Mikhail Grigorenko is hit by Daniel Sprong and loses puck.
3:57 of 2nd period - Slapshot by Mike Reilly.
3:57 of 2nd period - Deflect By Matt Grzelcyk.
3:57 of 2nd period - Stopped by Connor Hellebyuk with a rebound.
4:07 of 2nd period - Wrist shot by Hudson Fasching.
4:07 of 2nd period - Shot Misses the Net.
4:09 of 2nd period - Slapshot by Mike Reilly.
4:09 of 2nd period - Stopped by Connor Hellebyuk without a rebound.
4:10 of 2nd period - Joel Eriksson Ek wins face-off versus Michael Rasmussen in Americans zone.
4:21 of 2nd period - Slapshot by Vladimir Tkachev.
4:21 of 2nd period - Shot Hit the Post.
4:59 of 2nd period - Icing by Joel Teasdale.
5:00 of 2nd period - Thomas DiPauli wins face-off versus Daniel Sprong in Americans zone.
5:01 of 2nd period - Snap shot by Nikita Scherbak.
5:01 of 2nd period - Shot Blocked by Spencer Stastney.
5:11 of 2nd period - Slapshot by Nikita Scherbak.
5:11 of 2nd period - Shot Misses the Net.
5:27 of 2nd period - Snap shot by Joel Eriksson Ek.
5:27 of 2nd period - Shot Misses the Net.
5:29 of 2nd period - Wrist shot by Joel Eriksson Ek.
5:29 of 2nd period - Stopped by Mackenzie Blackwood with a rebound.
6:06 of 2nd period - Mikhail Grigorenko is hit by Nathan Noel and loses puck.
6:13 of 2nd period - Snap shot by Nathan Noel.
6:13 of 2nd period - Stopped by Mackenzie Blackwood without a rebound.
6:14 of 2nd period - Joel Eriksson Ek wins face-off versus Maxim Letunov in Icehogs zone.
6:14 of 2nd period - Joel Eriksson Ek is hit by Patrick Sieloff.
6:18 of 2nd period - Wrist shot by Joel Eriksson Ek.
6:18 of 2nd period - Stopped by Mackenzie Blackwood without a rebound.
6:19 of 2nd period - Maxim Letunov wins face-off versus Joel Eriksson Ek in Icehogs zone.
6:19 of 2nd period - Maxim Letunov is hit by Richard Nejezchleb.
6:26 of 2nd period - Minor Penalty to Maxim Letunov for Roughing.
6:27 of 2nd period - Hudson Fasching wins face-off versus Vladimir Tkachev in Icehogs zone.
6:40 of 2nd period - J.T. Brown is hit by Vladimir Tkachev and loses puck.
7:09 of 2nd period - Wrist shot by Ryan Fitzgerald.
7:09 of 2nd period - Goal by Ryan Fitzgerald - Icehogs : 2 - Americans : 3.
7:10 of 2nd period - Vladimir Tkachev wins face-off versus Andrew Poturalski in neutral zone.
7:54 of 2nd period - Icing by Jesperi Kotkaniemi.
7:55 of 2nd period - Ryan Fitzgerald wins face-off versus Maxim Letunov in Americans zone.
8:02 of 2nd period - Slapshot by Victor Mete.
8:02 of 2nd period - Shot Misses the Net.
8:04 of 2nd period - Wrist shot by Victor Mete.
8:04 of 2nd period - Shot Blocked by Mike Reilly.
8:06 of 2nd period - Snap shot by Richard Nejezchleb.
8:06 of 2nd period - Shot Misses the Net.
8:08 of 2nd period - Slapshot by Victor Mete.
8:08 of 2nd period - Shot Misses the Net.
8:10 of 2nd period - Wrist shot by Richard Nejezchleb.
8:10 of 2nd period - Deflect By Vladimir Tkachev.
8:10 of 2nd period - Shot Misses the Net.
8:10 of 2nd period - Puck is out of play.
8:11 of 2nd period - Andrew Poturalski wins face-off versus Ryan Fitzgerald in Icehogs zone.
8:38 of 2nd period - Icing by Matt Grzelcyk.
8:39 of 2nd period - Joel Eriksson Ek wins face-off versus Michael Rasmussen in Americans zone.
9:13 of 2nd period - Wrist shot by J.T. Brown.
9:13 of 2nd period - Shot Misses the Net.
9:15 of 2nd period - Slapshot by Julius Honka.
9:15 of 2nd period - Stopped by Connor Hellebyuk with a rebound.
9:17 of 2nd period - Backhand shot by Duncan Siemens.
9:17 of 2nd period - Deflect By Nick Paul.
9:17 of 2nd period - Shot Blocked by Matt Grzelcyk.
9:17 of 2nd period - Puck is out of play.
9:18 of 2nd period - Ryan Fitzgerald wins face-off versus Andrew Poturalski in Americans zone.
9:23 of 2nd period - Hudson Fasching is hit by Jesperi Kotkaniemi and loses puck.
9:48 of 2nd period - Marc Michaelis is hit by Ross Johnston and loses puck.
10:05 of 2nd period - Wrist shot by Marc Michaelis.
10:05 of 2nd period - Stopped by Mackenzie Blackwood with a rebound.
10:17 of 2nd period - Slapshot by Victor Mete.
10:17 of 2nd period - Deflect By Daniel Sprong.
10:17 of 2nd period - Stopped by Mackenzie Blackwood with a rebound.
10:29 of 2nd period - Matt Grzelcyk is hit by Nick Paul and loses puck.
10:46 of 2nd period - Snap shot by Kurtis Gabriel.
10:46 of 2nd period - Shot Misses the Net.
10:56 of 2nd period - Slapshot by Maxim Mamin.
10:56 of 2nd period - Shot Blocked by Ross Johnston.
11:10 of 2nd period - Backhand shot by Daniel Sprong.
11:10 of 2nd period - Stopped by Mackenzie Blackwood without a rebound.
11:11 of 2nd period - Joel Eriksson Ek wins face-off versus Andrew Poturalski in Icehogs zone.
12:02 of 2nd period - Snap shot by Mike Reilly.
12:02 of 2nd period - Shot Misses the Net.
12:04 of 2nd period - Snap shot by Michael Rasmussen.
12:04 of 2nd period - Shot Misses the Net.
12:06 of 2nd period - Slapshot by Patrick Sieloff.
12:06 of 2nd period - Shot Misses the Net.
13:00 of 2nd period - J.T. Brown is hit by Victor Mete.
14:12 of 2nd period - Backhand shot by Maxim Mamin.
14:12 of 2nd period - Stopped by Mackenzie Blackwood with a rebound.
14:16 of 2nd period - Slapshot by John Leonard.
14:16 of 2nd period - Goal by John Leonard - Icehogs : 2 - Americans : 4.
14:17 of 2nd period - Joel Eriksson Ek wins face-off versus Andrew Poturalski in neutral zone.
14:38 of 2nd period - Minor Penalty to Hudson Fasching for Roughing.
14:39 of 2nd period - Joel Eriksson Ek wins face-off versus Ross Johnston in Icehogs zone.
14:42 of 2nd period - Snap shot by Richard Nejezchleb.
14:42 of 2nd period - Stopped by Mackenzie Blackwood without a rebound.
14:43 of 2nd period - Ross Johnston wins face-off versus Joel Eriksson Ek in Icehogs zone.
14:56 of 2nd period - Wrist shot by Vladimir Tkachev.
14:56 of 2nd period - Shot Misses the Net.
15:12 of 2nd period - Slapshot by Matt Grzelcyk.
15:12 of 2nd period - Shot Misses the Net.
15:39 of 2nd period - Wrist shot by Marc Michaelis.
15:39 of 2nd period - Shot Misses the Net.
16:13 of 2nd period - Snap shot by Joel Eriksson Ek.
16:13 of 2nd period - Shot Blocked by Patrick Sieloff.
16:15 of 2nd period - Slapshot by Matt Grzelcyk.
16:15 of 2nd period - Stopped by Mackenzie Blackwood without a rebound.
16:16 of 2nd period - Joel Eriksson Ek wins face-off versus Michael Rasmussen in Icehogs zone.
16:17 of 2nd period - Snap shot by Vladimir Tkachev.
16:17 of 2nd period - Shot Misses the Net.
16:19 of 2nd period - Slapshot by Tarmo Reunanen.
16:19 of 2nd period - Goal by Tarmo Reunanen - Icehogs : 2 - Americans : 5.
16:20 of 2nd period - Joel Eriksson Ek wins face-off versus Andrew Poturalski in neutral zone.
16:20 of 2nd period - Richard Nejezchleb is hit by Andrew Poturalski and loses puck.
17:16 of 2nd period - Nathan Noel is hit by Hudson Fasching.
17:30 of 2nd period - Ryan Fitzgerald is hit by Maxim Letunov and loses puck.
19:17 of 2nd period - Minor Penalty to Matt Grzelcyk for Tripping.
19:18 of 2nd period - Andrew Poturalski wins face-off versus Ryan Fitzgerald in Americans zone.
19:18 of 2nd period - Slapshot by Mikhail Grigorenko.
19:18 of 2nd period - Goal by Mikhail Grigorenko - Icehogs : 3 - Americans : 5.
19:19 of 2nd period - Andrew Poturalski wins face-off versus Joel Eriksson Ek in neutral zone.
19:24 of 2nd period - Slapshot by Mike Reilly.
19:24 of 2nd period - Stopped by Connor Hellebyuk without a rebound.
19:25 of 2nd period - Andrew Poturalski wins face-off versus Joel Eriksson Ek in Americans zone.
19:38 of 2nd period - Snap shot by Hudson Fasching.
19:38 of 2nd period - Stopped by Connor Hellebyuk with a rebound.
19:40 of 2nd period - Slapshot by Hudson Fasching.
19:40 of 2nd period - Stopped by Connor Hellebyuk with a rebound.
Goals for this period are 1 for Icehogs vs 4 for Americans.
Shots for this period are 7 for Icehogs vs 17 for Americans.
3rd period
0:01 of 3rd period - Joel Eriksson Ek wins face-off versus Andrew Poturalski in neutral zone.
0:26 of 3rd period - Marc Michaelis is hit by Nick Paul and loses puck.
0:49 of 3rd period - Slapshot by Matt Grzelcyk.
0:49 of 3rd period - Shot Misses the Net.
1:42 of 3rd period - Wrist shot by Joel Eriksson Ek.
1:42 of 3rd period - Stopped by Mackenzie Blackwood with a rebound.
1:48 of 3rd period - Minor Penalty to J.T. Brown for Diving.
1:49 of 3rd period - Joel Eriksson Ek wins face-off versus Hudson Fasching in Icehogs zone.
1:56 of 3rd period - Slapshot by Victor Mete.
1:56 of 3rd period - Stopped by Mackenzie Blackwood with a rebound.
1:58 of 3rd period - Slapshot by Tarmo Reunanen.
1:58 of 3rd period - Stopped by Mackenzie Blackwood without a rebound.
1:59 of 3rd period - Joel Eriksson Ek wins face-off versus Hudson Fasching in Icehogs zone.
2:00 of 3rd period - Slapshot by Victor Mete.
2:00 of 3rd period - Shot Misses the Net.
2:28 of 3rd period - Snap shot by Vladimir Tkachev.
2:28 of 3rd period - Stopped by Mackenzie Blackwood without a rebound.
2:29 of 3rd period - Hudson Fasching wins face-off versus Ryan Fitzgerald in Icehogs zone.
2:47 of 3rd period - Patrick Sieloff is hit by Marc Michaelis.
3:16 of 3rd period - Wrist shot by Ryan Fitzgerald.
3:16 of 3rd period - Shot Misses the Net.
3:18 of 3rd period - Snap shot by Jesperi Kotkaniemi.
3:18 of 3rd period - Shot Misses the Net.
3:48 of 3rd period - Penalty to J.T. Brown is over, J.T. Brown is back on ice.
3:48 of 3rd period - Wrist shot by Matt Grzelcyk.
3:48 of 3rd period - Stopped by Mackenzie Blackwood with a rebound.
3:50 of 3rd period - Wrist shot by Jesperi Kotkaniemi.
3:50 of 3rd period - Shot Misses the Net.
3:52 of 3rd period - Slapshot by Ryan Fitzgerald.
3:52 of 3rd period - Stopped by Mackenzie Blackwood with a rebound.
5:18 of 3rd period - Off-side.
5:19 of 3rd period - Andrew Poturalski wins face-off versus Joel Eriksson Ek in neutral zone.
6:37 of 3rd period - Zach Whitecloud is hit by Nathan Noel and loses puck.
6:51 of 3rd period - Victor Mete is hit by Thomas DiPauli and loses puck.
7:04 of 3rd period - Julius Honka is hit by Richard Nejezchleb and loses puck.
8:14 of 3rd period - Wrist shot by Andrew Poturalski.
8:14 of 3rd period - Stopped by Connor Hellebyuk without a rebound.
8:15 of 3rd period - Hudson Fasching wins face-off versus Nathan Noel in Americans zone.
8:59 of 3rd period - Wrist shot by Richard Nejezchleb.
8:59 of 3rd period - Stopped by Mackenzie Blackwood without a rebound.
9:00 of 3rd period - Joel Eriksson Ek wins face-off versus Andrew Poturalski in Icehogs zone.
9:16 of 3rd period - Icing by Joel Eriksson Ek.
9:17 of 3rd period - Joel Eriksson Ek wins face-off versus Michael Rasmussen in Americans zone.
9:30 of 3rd period - Slapshot by Mike Reilly.
9:30 of 3rd period - Shot Misses the Net.
9:32 of 3rd period - Slapshot by Nick Paul.
9:32 of 3rd period - Stopped by Connor Hellebyuk without a rebound.
9:33 of 3rd period - Nathan Noel wins face-off versus Andrew Poturalski in Americans zone.
9:33 of 3rd period - Nathan Noel is hit by Hudson Fasching.
10:00 of 3rd period - Patrick Sieloff is hit by Richard Nejezchleb and loses puck.
13:04 of 3rd period - Wrist shot by Kurtis Gabriel.
13:04 of 3rd period - Deflect By Maxim Letunov.
13:04 of 3rd period - Shot Misses the Net.
13:04 of 3rd period - Puck is out of play.
13:05 of 3rd period - Maxim Letunov wins face-off versus Ryan Fitzgerald in Americans zone.
13:06 of 3rd period - Slapshot by Patrick Sieloff.
13:06 of 3rd period - Shot Misses the Net.
13:26 of 3rd period - Minor Penalty to Ross Johnston for Tripping.
13:27 of 3rd period - Hudson Fasching wins face-off versus Joel Eriksson Ek in Icehogs zone.
13:37 of 3rd period - Patrick Sieloff is hit by Richard Nejezchleb and loses puck.
13:57 of 3rd period - Snap shot by Mikhail Grigorenko.
13:57 of 3rd period - Shot Hit the Post.
14:41 of 3rd period - Backhand shot by Joel Eriksson Ek.
14:41 of 3rd period - Shot Misses the Net.
14:43 of 3rd period - Snap shot by Vladimir Tkachev.
14:43 of 3rd period - Shot Misses the Net.
14:45 of 3rd period - Snap shot by Joel Eriksson Ek.
14:45 of 3rd period - Shot Misses the Net.
14:47 of 3rd period - Slapshot by Matt Grzelcyk.
14:47 of 3rd period - Stopped by Mackenzie Blackwood with a rebound.
14:55 of 3rd period - Wrist shot by Matt Grzelcyk.
14:55 of 3rd period - Shot Misses the Net.
14:57 of 3rd period - Snap shot by Matt Grzelcyk.
14:57 of 3rd period - Shot Blocked by Julius Honka.
14:59 of 3rd period - Snap shot by Richard Nejezchleb.
14:59 of 3rd period - Shot Misses the Net.
15:01 of 3rd period - Snap shot by Vladimir Tkachev.
15:01 of 3rd period - Stopped by Mackenzie Blackwood without a rebound.
15:02 of 3rd period - Ryan Fitzgerald wins face-off versus Mikhail Grigorenko in Icehogs zone.
15:26 of 3rd period - Penalty to Ross Johnston is over, Ross Johnston is back on ice.
16:01 of 3rd period - Slapshot by John Leonard.
16:01 of 3rd period - Shot Misses the Net.
16:03 of 3rd period - Snap shot by John Leonard.
16:03 of 3rd period - Shot Misses the Net.
16:05 of 3rd period - Snap shot by Alex Schoenborn.
16:05 of 3rd period - Stopped by Mackenzie Blackwood with a rebound.
16:57 of 3rd period - Julius Honka is hit by Ryan Fitzgerald and loses puck.
17:20 of 3rd period - Maxim Letunov is hit by Ryan Fitzgerald and loses puck.
18:01 of 3rd period - Maxim Letunov is hit by Tarmo Reunanen and loses puck.
18:22 of 3rd period - Richard Nejezchleb is hit by Kurtis Gabriel and loses puck.
18:37 of 3rd period - Nick Paul is hit by Dmitri Semykin and loses puck.
19:11 of 3rd period - Icing by Dillon Heatherington.
19:12 of 3rd period - Andrew Poturalski wins face-off versus Joel Eriksson Ek in Americans zone.
Goals for this period are 0 for Icehogs vs 0 for Americans.
Shots for this period are 2 for Icehogs vs 10 for Americans.